 Dungeon Crawl Stone Soup version 0.31-a0-370-g25055926c8 (webtiles) character file.

Game seed: 7203049739653093359

1439 AdnanSaban the Cudgeller (level 8, 0/51 HPs)
             Began as a Gargoyle Fighter on July 29, 2023.
             Was an Initiate of Okawaru.
             Slain by a boulder beetle (27 damage)
             ... on level 7 of the Dungeon.
             The game lasted 00:05:03 (4528 turns).

AdnanSaban the Cudgeller (Gargoyle Fighter)         Turns: 4528, Time: 00:05:04

Health: 0/51       AC: 18    Str: 22    XL:     8   Next: 74%
Magic:  0/8        EV:  8    Int:  9    God:    Okawaru [......]
Gold:   279        SH:  4    Dex:  9    Spells: 7/7 levels left

rFire   . . .        a - +0 flail
rCold   + . .        c - +0 buckler
rNeg    + . .        A - +0 chain mail
rPois   ∞            g - +2 hat
rElec   +            (no cloak)
rCorr   .            z - +0 pair of gloves
SInv    .            (no boots)
Will    .....        e - amulet of guardian spirit Stlth
                     k - ring of protection from cold
HPRegen 0.28/turn    w - +4 ring of slaying
MPRegen 0.11/turn

%: guardian spirit
@: no status effects
A: sickness immunity, AC +5, negative energy resistance 1, electricity
resistance, torment resistance 1, petrification resistance
a: Renounce Religion


You were on level 7 of the Dungeon.
You worshipped Okawaru.
Okawaru was noncommittal.
You visited 2 branches of the dungeon, and saw 8 of its levels.

You collected 279 gold pieces.

Inventory:

Hand Weapons
 a - a +0 flail (weapon)
Missiles
 h - 22 stones (quivered)
 l - 9 boomerangs
 C - 6 poisoned darts
 E - 4 javelins
 F - 6 atropa-tipped darts
Armour
 c - a +0 buckler (worn)
 g - a +2 hat (worn)
 z - a +0 pair of gloves (worn)
 A - a +0 chain mail (worn)
Jewellery
 e - an amulet of guardian spirit (around neck)
 k - a ring of protection from cold (left hand)
 w - a +4 ring of slaying (right hand)
Scrolls
 i - 3 scrolls of enchant weapon {unknown}
 j - 8 scrolls of identify {unknown}
 n - a scroll of revelation {unknown}
 q - 3 scrolls of teleportation {unknown}
 t - a scroll of noise {unknown}
 u - a scroll of amnesia {unknown}
 v - a scroll of butterflies {unknown}
 y - a scroll of brand weapon {unknown}
 B - a scroll of blinking {unknown}
 D - a scroll of poison {unknown}
Potions
 b - a potion of enlightenment {unknown}
 d - 3 potions of might
 f - 4 potions of lignification {unknown}
 m - 4 potions of haste {unknown}
 o - 2 potions of brilliance {unknown}
 p - a potion of magic {unknown}
 r - 3 potions of heal wounds {unknown}
 s - 2 potions of curing {unknown}
 x - 3 potions of mutation {unknown}


   Skills:
 + Level 5.6 Fighting
 + Level 7.7 Maces & Flails
 + Level 1.1 Throwing
 + Level 5.6 Armour
 + Level 1.7 Dodging
 + Level 4.7 Shields


You had 7 spell levels left.
You didn't know any spells.
Your spell library contained the following spells:

 Spells                   Type           Power      Damage    Failure   Level
 Freeze                   Ice            0%         1d3       96%         1
 Magic Dart               Conj           0%         1d3       96%         1
 Sandblast                Erth           0%         2d4       96%         1
 Ensorcelled Hibernation  Hex/Ice        0%         N/A       99%         2
 Passwall                 Tmut/Erth      0%         N/A       99%         2
 Searing Ray              Conj           0%         2d4       99%         2
 Frozen Ramparts          Ice            0%         1d1       100%        3
 Hailstorm                Conj/Ice       0%         3d3       100%        3
 Stone Arrow              Conj/Erth      0%         3d7       100%        3
 Swiftness                Air            0%         N/A       100%        3
 Fulminant Prism          Conj/Hex       0%         3d5       100%        4
 Olgreb's Toxic Radiance  Pois           0%         N/A       100%        4
 Metabolic Englaciation   Hex/Ice        0%         N/A       100%        5
 Discord                  Hex            0%         N/A       100%        8
 Ignition                 Fire           0%         3d3       100%        8
 Summon Ice Beast         Ice/Summ       Unusable   N/A       N/A         4
 Simulacrum               Ice/Necr       Unusable   N/A       N/A         6

Dungeon Overview and Level Annotations

Branches:
Dungeon (7/15)             Temple (1/1) D:6

Altars:
Ashenzari
Cheibriados
Dithmenos
Gozag
Hepliaklqana
Kikubaaqudgha
Makhleb
Nemelex Xobeh
Okawaru
Qazlal
Ru
Sif Muna
Trog
Uskayaw
Vehumet
Wu Jian
Xom
Yredelemnul
The Shining One

Shops:
D:5 [

Annotations:
D:5 1 runed translucent door, Crazy Yiuf


Innate Abilities, Weirdness & Mutations

You are immune to sickness and miasma.
Your stone body is resilient. (AC +5)
You are immune to poison.
You resist negative energy. (rN+)
You are resistant to electric shocks. (rElec)
You are resistant to unholy torment.
You are immune to petrification.


Message History

There is an open door here.
Found an escape hatch in the floor.
You pick up a book of Conjurations and begin reading...
You add the spells Magic Dart, Searing Ray and Fulminant Prism to your library.
You open the door.
There is an open door here.
j - 8 scrolls labelled VESIKY ANUBB (gained 1)
You see here the +1 leather armour of the Turtledove {*Slow Will+++ Str-4 Int+4}.
Found 6 atropa-tipped darts.
Found a faded altar of an unknown god.
You see here 6 atropa-tipped darts.
A boulder beetle comes into view.
You throw a stone.
The stone barely misses the boulder beetle.
You throw a stone.
The stone hits the boulder beetle but does no damage.
The boulder beetle curls into a ball and begins rolling!
You throw a stone. The stone hits the boulder beetle.
The boulder beetle is lightly wounded.
You see here 6 atropa-tipped darts.
F - 6 atropa-tipped darts The boulder beetle closely misses you.
The boulder beetle stops rolling and uncurls.
You thump the boulder beetle!
The boulder beetle is lightly wounded.
The boulder beetle leaps!
The boulder beetle curls into a ball and begins rolling!
You hit the boulder beetle but do no damage.
The boulder beetle is lightly wounded.
The boulder beetle hits you!!
The boulder beetle stops rolling and uncurls.
The boulder beetle attacks as you move away!
The boulder beetle bites you.
The boulder beetle attacks as you move away!
The boulder beetle bites you but does no damage.
The boulder beetle curls into a ball and begins rolling!
The boulder beetle attacks as you move away!
The boulder beetle hits you!!
Ouch! That really hurt!
You die...

###############
#......[.......
#......######## #......# ####
### ## #......###..###8##.§.
#####..##.°..#.#.#..B...
#######..##'###°##..#.#○8###§.
#........#....B.##########
#........#...@..##
#........#.......#
#........#.......#
####).###..###.###.#
#....<###..###.###.##.
##...........#........
#...........'.......>
#...........#........
#...........#........


You could see a boulder beetle (rolling).

Vanquished Creatures
  A water moccasin (D:6)
  A sky beast (D:4)
  An ogre (D:5)
  An orc warrior (D:4)
  3 phantoms
  A bullfrog (D:5)
  A scorpion (D:3)
  2 howler monkeys
  3 jellies
  6 orc priests
  3 hounds
  An iguana (D:4)
  3 orc wizards
  A mummy (D:6)
  3 adders
  4 gnolls (D:2)
  A shadow imp (D:5)
  2 ufetubi
  A worm (D:4)
  19 orcs
  3 bats
  3 endoplasms (D:1)
  4 giant cockroaches
  9 hobgoblins
  2 jackals (D:2)
  3 quokkas (D:4)
  2 ball pythons
  A frilled lizard (D:2)
  6 goblins
  2 hobgoblin zombies (D:6)
  12 kobolds
  A kobold zombie (D:6)
  An orc zombie (D:6)
  4 rats
111 creatures vanquished.

Notes
Turn   | Place    | Note
-------+----------+-------------------------------------------
     0 | D:1      | AdnanSaban the Gargoyle Fighter began the quest for the
                  | Orb.
     0 | D:1      | Reached XP level 1. HP: 14/14 MP: 1/1
   181 | D:1      | Reached XP level 2. HP: 19/19 MP: 2/2
   265 | D:1      | Got Sif Muna's Disquisition on the Winter
   903 | D:2      | Reached XP level 3. HP: 23/24 MP: 1/3
   984 | D:2      | Noticed a phantom
   995 | D:2      | Killed a phantom
   996 | D:2      | Reached skill level 3 in Maces & Flails
   996 | D:2      | Reached XP level 4. HP: 26/29 MP: 4/4
  1029 | D:2      | Reached XP level 5. HP: 33/33 MP: 5/5
  1059 | D:2      | Reached skill level 4 in Maces & Flails
  1812 | D:3      | Reached XP level 6. HP: 38/38 MP: 6/6
  1941 | D:4      | Reached skill level 5 in Maces & Flails
  2615 | D:5      | Entered Level 5 of the Dungeon
  2638 | D:4      | Reached skill level 1 in Dodging
  2638 | D:4      | Reached XP level 7. HP: 38/44 MP: 5/7
  2791 | D:4      | Reached skill level 6 in Maces & Flails
  3049 | D:4      | Reached skill level 5 in Armour
  3049 | D:4      | Reached XP level 8. HP: 29/48 MP: 6/8
  3211 | D:5      | Reached skill level 5 in Fighting
  3293 | D:5      | Found a runed translucent door.
  3294 | D:5      | Noticed Crazy Yiuf
  3453 | D:5      | Found Idwovotu's Antique Armour Emporium.
  3826 | D:5      | Reached skill level 7 in Maces & Flails
  3973 | D:6      | Identified the +1 war axe "Piun" {flame, Will+ Str-4 Dex+2}
  4029 | D:6      | Reached skill level 1 in Throwing
  4049 | D:6      | Found a staircase to the Ecumenical Temple.
  4077 | Temple   | Entered the Ecumenical Temple
  4087 | Temple   | Became a worshipper of Warmaster Okawaru
  4494 | D:7      | Identified the +1 leather armour of the Turtledove {*Slow
                  | Will+++ Str-4 Int+4}
  4505 | D:7      | Found a faded altar of an unknown god.
  4505 | D:7      | Found the Hermit's Pendant {Faith Invo=14 Evo=0 MP+5}
  4507 | D:7      | Noticed a boulder beetle
  4528 | D:7      | Slain by a boulder beetle

Illustrated notes

Levels and vault maps discovered:
D:1:      minmay_arrival_doors, layout_loops_ring
D:2:      layout_loops_ring, minmay_pentomino_s2
D:3:      layout_rooms
D:4:      layout_cave_pods
D:5:      layout_loops_ring, serial_shops, shop, uniq_crazy_yiuf_cottage
D:6:      layout_rooms, minmay_temple_entry_glassed_door, minmay_mini_ossuary
D:7:      layout_gridville, chequers_serial_rivers_large_b,
          hellmonk_guarded_unrand_hermit
Temple:   hellmonk_temple_of_storms

Skill      XL: |  1  2  3  4  5  6  7  8 |
---------------+-------------------------+-----
Maces & Flails | 3 4 5 6 7 |  7.7
Armour         | 4 5 |  5.6
Fighting       | 4 5 |  5.6
Shields        | 4 |  4.7
Dodging        | 1 |  1.7
Throwing       | 1 |  1.1

Action                     |  1- 3 |  4- 6 |  7- 9 || total
---------------------------+-------+-------+-------++-------
  Melee: Flail             |   101 |   157 |   157 ||   415
  Throw: Stone             |     1 |     3 |    16 ||    20
 Armour: Scale mail        |    50 |    90 |    22 ||   162
         Chain mail        |       |       |    70 ||    70
  Dodge: Dodged            |    48 |    76 |    64 ||   188
  Block: Buckler           |    21 |    42 |    39 ||   102

Table legend: (Time is in decaauts)
 A = Elapsed time spent in this place.
 B = Non-inter-level travel time spent in this place.
 C = Inter-level travel time spent in this place.
 D = Time resting spent in this place.
 E = Time spent auto-exploring this place.
 F = Levels seen in this place.
 G = Mean time per level.
                   A        B        C        D        E       F      G
               +--------+--------+--------+--------+--------+-----+--------+
         Total |   4616 |   4344 |    272 |     66 |   3295 |   8 |  577.0 |
       Dungeon |   4595 |   4341 |    254 |     66 |   3295 |   7 |  656.4 |
        Temple |     20 |      2 |     18 |      0 |      0 |   1 |   20.0 |
               +--------+--------+--------+--------+--------+-----+--------+

Top non-repeatable levels by time:
     D:4: 1065 daAuts
     D:5: 926 daAuts
     D:1: 734 daAuts
     D:2: 733 daAuts
     D:6: 601 daAuts
     D:3: 450 daAuts
     D:7: 83 daAuts
  Temple: 20 daAuts
